 Dungeon Crawl Stone Soup version 0.26-a0-835-g8259106e14 (webtiles) character file.

Game seed: 6738892742736836634

6 jasper the Sneak (level 1, -1/20 HPs)
             Began as a Palentonga Delver on Nov 17, 2020.
             Killed themself with a badly aimed fireball (8 damage)
             ... on level 5 of the Dungeon.
             The game lasted 00:00:37 (45 turns).

jasper the Sneak (Palentonga Delver)                  Turns: 45, Time: 00:00:37

Health: -1/20      AC:  4    Str: 15    XL:     1   Next: 75%
Magic:  1/1        EV:  9    Int: 10    God:
Gold:   0          SH:  0    Dex: 11    Spells: 0/0 levels left

rFire    . . .     SeeInvis +   a - +0 falchion
rCold    . . .     Faith    .   (no shield)
rNeg     . . .     Spirit   .   b - +0 leather armour
rPois    .         Reflect  .   (no helmet)
rElec    .         Harm     .   (no cloak)
rCorr    .         Rampage  .   (no gloves)
MR       .....                  (no barding)
Stlth    ++........             (no amulet)
HPRegen  0.06/turn              (no ring)
MPRegen  0.07/turn              (no ring)

@: hasted, very quick
A: large, rugged brown scales 3, see invisible, deformed body, roll 1, armoured
tail
a: Rolling Charge


You were on level 5 of the Dungeon.
You visited 1 branch of the dungeon, and saw 1 of its levels.

Inventory:

Hand Weapons
 a - a +0 falchion (weapon)
Armour
 b - a +0 leather armour (worn)
Wands
 g - a wand of digging (2)
 h - a wand of random effects (29)
Scrolls
 c - a scroll of fog
 d - a scroll of magic mapping
 e - a scroll of fear


   Skills:
 - Level 3.0 Fighting
 + Level 2.6 Long Blades
 - Level 1.5 Dodging
 - Level 3.3 Stealth


You couldn't memorise any spells.
You didn't know any spells.
Your spell library was empty.

Dungeon Overview and Level Annotations

Branches:
Dungeon (5/15)
 Temple: D:4-7

Altars:
Uskayaw

Annotations:
D:5 exclusion: bullfrog


Innate Abilities, Weirdness & Mutations

You are completely covered in rugged brown scales. (AC +3, +7% HP)
You have supernaturally acute eyesight. (SInv)
Armour fits poorly on your strangely shaped body.
You can roll at nearby foes to attack.
You have a long armoured tail.


Message History

The orc wizard is moderately wounded.
The orc wizard completely misses you.
You barely miss the orc wizard.
The orc wizard is moderately wounded.
The orc wizard casts a spell.
The orc wizard blinks!
You start resting.
A bullfrog is nearby!
You miss the orc wizard.
The orc wizard is lightly wounded.
The orc wizard hits you but does no damage.
You aren't carrying any potions.
Evoke which item? (* to show all) (? for menu, Esc to quit)
Aiming: Random Effects
Press: ? - help, Shift-Dir - straight line, f - orc wizard
Aim: an orc wizard, wielding a +0 dagger and wearing a +0 robe (lightly wounded)
The fireball explodes!
The fireball engulfs the orc wizard!
The orc wizard is almost dead.
The fireball engulfs you!
You die...

$..≈.#.F...#
#...#.....#....#o
#...#.....#....'
#...#.....#....#
#...+.....#....#
#...#.....#....#
#...#.....#....#
#.>.#.....#)...#...
#####....@o......#
##############


You could see an orc wizard.

Vanquished Creatures
  3 orcs (D:5)
3 creatures vanquished.

Notes
Turn   | Place    | Note
-------+----------+-------------------------------------------
     0 | D:5      | jasper the Palentonga Delver began the quest for the Orb.
     0 | D:5      | Reached XP level 1. HP: 20/20 MP: 1/1
     0 | D:5      | Found a hide-covered altar of Uskayaw.
     0 | D:5      | Noticed a bullfrog
    21 | D:5      | Noticed an orc wizard
    45 | D:5      | Killed themself with a badly aimed fireball

Illustrated notes

Levels and vault maps discovered:
D:5:      layout_gridville, serial_shops, nicolae_shop_statue_plus,
          hangedman_feature_mirror

Action                   || total
-------------------------++-------
Melee: Falchion          ||    11
       Tailslap          ||     3
 Abil: Rolling Charge    ||     2
Evoke: Wand              ||     1
  Use: Potion            ||     1
Armor: Leather armour    ||     1
Dodge: Dodged            ||     3

Table legend: (Time is in decaauts)
 A = Elapsed time spent in this place.
 B = Non-inter-level travel time spent in this place.
 C = Inter-level travel time spent in this place.
 D = Time resting spent in this place.
 E = Time spent auto-exploring this place.
 F = Levels seen in this place.
 G = Mean time per level.
                   A        B        C        D        E       F      G
               +--------+--------+--------+--------+--------+-----+--------+
         Total |     41 |     41 |      0 |      3 |      5 |   1 |   41.0 |
       Dungeon |     41 |     41 |      0 |      3 |      5 |   1 |   41.0 |
               +--------+--------+--------+--------+--------+-----+--------+

Top non-repeatable levels by time:
     D:5: 41 daAuts
